 Dungeon Crawl Stone Soup version 0.28-a0-1159-g27aa881441 (webtiles) character file.

Game seed: 5700222009968103858

51 mandarbmax the Ruffian (level 3, -2/36 HPs)
             Began as a Troll Cinder Acolyte on Dec 15, 2021.
             Was a High Priest of Ignis.
             Slain by an adder (4 damage)
             ... on level 3 of the Dungeon.
             The game lasted 00:02:32 (1434 turns).

mandarbmax the Ruffian (Troll Cinder Acolyte)       Turns: 1434, Time: 00:02:32

Health: -2/36      AC:  4    Str: 22    XL:     3   Next: 58%
Magic:  3/3        EV:  9    Int: 10    God:    Ignis [*****.]
Gold:   24         SH:  0    Dex:  7    Spells: 4/4 levels left

rFire   + . .      SeeInvis +     - Unarmed
rCold   . . .      Faith    .   (no shield)
rNeg    . . .      Spirit   .   a - +0 robe
rPois   .          Reflect  .   (helmet restricted)
rElec   .          Harm     .   (no cloak)
rCorr   .          Rampage  .   (gloves unavailable)
Will    .....                   (boots unavailable)
Stlth   +.........              (no amulet)
HPRegen 0.92/turn               d - ring of see invisible
MPRegen 0.08/turn               (no ring)

@: lethally poisoned (-2 -> -6), hasted, very quick
A: large, unfitting armour, claws 3, regeneration 1, shaggy fur 1, tough skin 1
a: Renounce Religion, Fiery Armour, Foxfire Swarm, Rising Flame


You were on level 3 of the Dungeon.
You worshipped Ignis.
Ignis was extremely pleased with you.
You visited 1 branch of the dungeon, and saw 3 of its levels.

You collected 24 gold pieces.

Inventory:

Armour
 a - a +0 robe (worn)
Jewellery
 d - a ring of see invisible (left claw)
Scrolls
 c - 2 scrolls of identify {unknown}
 f - a scroll of torment {unknown}
 h - a scroll of blinking {unknown}
 k - a scroll of fear {unknown}
Potions
 e - a potion of curing {unknown}
 g - a potion of heal wounds {unknown}
 i - a potion of flight {unknown}
 j - a potion of ambrosia {unknown}


   Skills:
 + Level 2.9 Fighting
 * Level 4.2 Unarmed Combat
 - Level 1.0 Spellcasting
 - Level 2.1 Fire Magic


You had 4 spell levels left.
You didn't know any spells.
Your spell library contained the following spells:

 Spells                   Type           Power      Damage    Failure   Level
 Scorch                   Fire           8%         2d5       22%         2


Dungeon Overview and Level Annotations

Branches:
Dungeon (3/15)

Altars:

Shops:
D:1 *


Innate Abilities, Weirdness & Mutations

You are too large for most types of armour.
You have claws for hands.
Your natural rate of healing is unusually fast.
You are covered in fur. (AC +1)
You have tough skin. (AC +1)


Message History

The adder poisons you!
You miss the adder. Your claw misses the adder.
The adder is almost dead.
You feel sick. The adder bites you. The adder barely misses you.
The adder bites you but does no damage.
You closely miss the adder.
The adder is almost dead.
You feel sick. The adder bites you.
You are more poisoned.
The adder poisons you!
The adder bites you but does no damage. x2
You closely miss the adder. Your claw misses the adder.
The adder is almost dead.
You feel sick. The adder bites you.
You are more poisoned.
The adder poisons you! The adder bites you.
You are too injured to fight recklessly!
You feel very sick. The adder barely misses you.
You feel sick. The adder closely misses you.
You feel sick.
You miss the adder.
The adder is almost dead.
You feel sick. The adder bites you.
You are more poisoned.
The adder poisons you!
You closely miss the adder. Your claw misses the adder.
The adder is almost dead.
You feel very sick. The adder bites you but does no damage.
You scratch the adder.
The adder is almost dead.
You feel sick. The adder bites you.
* * * LOW HITPOINT WARNING * * *
You are lethally poisoned!
The adder poisons you! The adder bites you.
* * * LOW HITPOINT WARNING * * *
It was a potion of haste.
You feel yourself speed up.
* * * LOW HITPOINT WARNING * * *
You feel sick. The adder bites you.
You die...

.....###.####
............#
.......####.# ...##..#
#.# .......# #.#
#.....#####.#
............# ###
............# #.#
.........##.# #@#
.......(.##.# #S# ###
.##...#####.####S#...#
.##...# #............#
......###.######.#......
####..........>.......##
#..)...#########.#...
######## ..... ###.


You could see 2 adders.

Vanquished Creatures
  2 worms (D:2)
  3 ball pythons
  7 bats
  6 endoplasms
  2 giant cockroaches
  4 goblins
  3 hobgoblins (D:1)
  4 jackals (D:2)
  A kobold (D:1)
  2 quokkas
  2 frilled lizards
  3 rats
39 creatures vanquished.

Notes
Turn   | Place    | Note
-------+----------+-------------------------------------------
     0 | D:1      | mandarbmax the Troll Cinder Acolyte began the quest for the
                  | Orb.
     0 | D:1      | Reached XP level 1. HP: 22/22 MP: 1/1
   120 | D:1      | Reached XP level 2. HP: 24/29 MP: 2/2
   477 | D:1      | Found Moyluc's General Store.
   761 | D:2      | Reached XP level 3. HP: 36/36 MP: 3/3
   878 | D:2      | Reached skill level 4 in Unarmed Combat
  1207 | D:2      | Found a faded altar of an unknown god.
  1434 | D:3      | Slain by an adder

Illustrated notes

Levels and vault maps discovered:
D:1:      zelgadis_glass_arrival_small, layout_loops_ring, serial_shops,
          nicolae_square_shop, item_on_display_a
D:2:      layout_basic, basic_ecumenical_altar
D:3:      layout_loops_ring, ebering_ghost_rock_garden

Skill      XL: |  1  2  3 |
---------------+----------+-----
Unarmed Combat | 4 |  4.2
Fighting       | |  2.9
Spellcasting   | |  1.0
Fire Magic     | |  2.1

Action                   || total
-------------------------++-------
Melee: Unarmed           ||   119
       Punch             ||     2
  Use: Potion            ||     1
Armor: Robe              ||    36
Dodge: Dodged            ||    62

Table legend: (Time is in decaauts)
 A = Elapsed time spent in this place.
 B = Non-inter-level travel time spent in this place.
 C = Inter-level travel time spent in this place.
 D = Time resting spent in this place.
 E = Time spent auto-exploring this place.
 F = Levels seen in this place.
 G = Mean time per level.
                   A        B        C        D        E       F      G
               +--------+--------+--------+--------+--------+-----+--------+
         Total |   1425 |   1404 |     21 |      0 |   1148 |   3 |  475.0 |
       Dungeon |   1425 |   1404 |     21 |      0 |   1148 |   3 |  475.0 |
               +--------+--------+--------+--------+--------+-----+--------+

Top non-repeatable levels by time:
     D:2: 680 daAuts
     D:1: 677 daAuts
     D:3: 67 daAuts
